%YAML 1.1
%TAG !u! tag:unity3d.com,2011:
--- !u!1 &136443958187572835
GameObject:
  m_ObjectHideFlags: 0
  m_CorrespondingSourceObject: {fileID: 0}
  m_PrefabInstance: {fileID: 0}
  m_PrefabAsset: {fileID: 0}
  serializedVersion: 6
  m_Component:
  - component: {fileID: 5550308276071753481}
  - component: {fileID: 4688872207141298570}
  m_Layer: 0
  m_Name: Poravnavanje
  m_TagString: Untagged
  m_Icon: {fileID: 0}
  m_NavMeshLayer: 0
  m_StaticEditorFlags: 0
  m_IsActive: 1
--- !u!4 &5550308276071753481
Transform:
  m_ObjectHideFlags: 0
  m_CorrespondingSourceObject: {fileID: 0}
  m_PrefabInstance: {fileID: 0}
  m_PrefabAsset: {fileID: 0}
  m_GameObject: {fileID: 136443958187572835}
  m_LocalRotation: {x: -0, y: -0, z: -0, w: 1}
  m_LocalPosition: {x: 0, y: 0, z: 0}
  m_LocalScale: {x: 1, y: 1, z: 1}
  m_Children:
  - {fileID: 6033162576148766078}
  - {fileID: 6465276156936012068}
  - {fileID: 2299164153008672623}
  - {fileID: 7093555745962258514}
  - {fileID: 1146213836365578709}
  - {fileID: 8990436509976654326}
  m_Father: {fileID: 2292878966125449943}
  m_RootOrder: 0
  m_LocalEulerAnglesHint: {x: 0, y: 0, z: 0}
--- !u!156049354 &4688872207141298570
Grid:
  m_ObjectHideFlags: 0
  m_CorrespondingSourceObject: {fileID: 0}
  m_PrefabInstance: {fileID: 0}
  m_PrefabAsset: {fileID: 0}
  m_GameObject: {fileID: 136443958187572835}
  m_Enabled: 1
  m_CellSize: {x: 0.01, y: 0.01, z: 0.01}
  m_CellGap: {x: 0, y: 0, z: 0}
  m_CellLayout: 0
  m_CellSwizzle: 0
--- !u!114 &6023748956565832200
MonoBehaviour:
  m_ObjectHideFlags: 0
  m_CorrespondingSourceObject: {fileID: 0}
  m_PrefabInstance: {fileID: 0}
  m_PrefabAsset: {fileID: 0}
  m_GameObject: {fileID: 2299164153008672622}
  m_Enabled: 1
  m_EditorHideFlags: 0
  m_Script: {fileID: 11500000, guid: 38d32a2f82ec1de47aedfc84b1a0367c, type: 3}
  m_Name: 
  m_EditorClassIdentifier: 
--- !u!1 &8046565802092997377
GameObject:
  m_ObjectHideFlags: 0
  m_CorrespondingSourceObject: {fileID: 0}
  m_PrefabInstance: {fileID: 0}
  m_PrefabAsset: {fileID: 0}
  serializedVersion: 6
  m_Component:
  - component: {fileID: 2292878966125449943}
  m_Layer: 0
  m_Name: TCluster5
  m_TagString: Untagged
  m_Icon: {fileID: 0}
  m_NavMeshLayer: 0
  m_StaticEditorFlags: 0
  m_IsActive: 1
--- !u!4 &2292878966125449943
Transform:
  m_ObjectHideFlags: 0
  m_CorrespondingSourceObject: {fileID: 0}
  m_PrefabInstance: {fileID: 0}
  m_PrefabAsset: {fileID: 0}
  m_GameObject: {fileID: 8046565802092997377}
  m_LocalRotation: {x: 0, y: 0, z: 0, w: 1}
  m_LocalPosition: {x: 0, y: 0, z: 0}
  m_LocalScale: {x: 1, y: 1, z: 1}
  m_Children:
  - {fileID: 5550308276071753481}
  m_Father: {fileID: 0}
  m_RootOrder: 0
  m_LocalEulerAnglesHint: {x: 0, y: 0, z: 0}
--- !u!1001 &917795602784468558
PrefabInstance:
  m_ObjectHideFlags: 0
  serializedVersion: 2
  m_Modification:
    m_TransformParent: {fileID: 5550308276071753481}
    m_Modifications:
    - target: {fileID: 1393001661345493280, guid: 011f471536a628047bb27ae8a048088f,
        type: 3}
      propertyPath: m_Name
      value: Room BL (1)
      objectReference: {fileID: 0}
    - target: {fileID: 1393001661345493281, guid: 011f471536a628047bb27ae8a048088f,
        type: 3}
      propertyPath: m_LocalPosition.x
      value: 0
      objectReference: {fileID: 0}
    - target: {fileID: 1393001661345493281, guid: 011f471536a628047bb27ae8a048088f,
        type: 3}
      propertyPath: m_LocalPosition.y
      value: 0
      objectReference: {fileID: 0}
    - target: {fileID: 1393001661345493281, guid: 011f471536a628047bb27ae8a048088f,
        type: 3}
      propertyPath: m_LocalPosition.z
      value: 0
      objectReference: {fileID: 0}
    - target: {fileID: 1393001661345493281, guid: 011f471536a628047bb27ae8a048088f,
        type: 3}
      propertyPath: m_LocalRotation.x
      value: 0
      objectReference: {fileID: 0}
    - target: {fileID: 1393001661345493281, guid: 011f471536a628047bb27ae8a048088f,
        type: 3}
      propertyPath: m_LocalRotation.y
      value: 0
      objectReference: {fileID: 0}
    - target: {fileID: 1393001661345493281, guid: 011f471536a628047bb27ae8a048088f,
        type: 3}
      propertyPath: m_LocalRotation.z
      value: 0
      objectReference: {fileID: 0}
    - target: {fileID: 1393001661345493281, guid: 011f471536a628047bb27ae8a048088f,
        type: 3}
      propertyPath: m_LocalRotation.w
      value: 1
      objectReference: {fileID: 0}
    - target: {fileID: 1393001661345493281, guid: 011f471536a628047bb27ae8a048088f,
        type: 3}
      propertyPath: m_RootOrder
      value: 2
      objectReference: {fileID: 0}
    - target: {fileID: 1393001661345493281, guid: 011f471536a628047bb27ae8a048088f,
        type: 3}
      propertyPath: m_LocalEulerAnglesHint.x
      value: 0
      objectReference: {fileID: 0}
    - target: {fileID: 1393001661345493281, guid: 011f471536a628047bb27ae8a048088f,
        type: 3}
      propertyPath: m_LocalEulerAnglesHint.y
      value: 0
      objectReference: {fileID: 0}
    - target: {fileID: 1393001661345493281, guid: 011f471536a628047bb27ae8a048088f,
        type: 3}
      propertyPath: m_LocalEulerAnglesHint.z
      value: 0
      objectReference: {fileID: 0}
    - target: {fileID: 5717294487422263166, guid: 011f471536a628047bb27ae8a048088f,
        type: 3}
      propertyPath: reachable
      value: 0
      objectReference: {fileID: 0}
    - target: {fileID: 5717294487422263166, guid: 011f471536a628047bb27ae8a048088f,
        type: 3}
      propertyPath: securityAddon
      value: 
      objectReference: {fileID: 7119493667078461070}
    - target: {fileID: 3734515531727434963, guid: 011f471536a628047bb27ae8a048088f,
        type: 3}
      propertyPath: reachable
      value: 0
      objectReference: {fileID: 0}
    - target: {fileID: 3734515531727434963, guid: 011f471536a628047bb27ae8a048088f,
        type: 3}
      propertyPath: securityAddon
      value: 
      objectReference: {fileID: 8413670638072126956}
    m_RemovedComponents: []
  m_SourcePrefab: {fileID: 100100000, guid: 011f471536a628047bb27ae8a048088f, type: 3}
--- !u!1 &2299164153008672622 stripped
GameObject:
  m_CorrespondingSourceObject: {fileID: 1393001661345493280, guid: 011f471536a628047bb27ae8a048088f,
    type: 3}
  m_PrefabInstance: {fileID: 917795602784468558}
  m_PrefabAsset: {fileID: 0}
--- !u!4 &2299164153008672623 stripped
Transform:
  m_CorrespondingSourceObject: {fileID: 1393001661345493281, guid: 011f471536a628047bb27ae8a048088f,
    type: 3}
  m_PrefabInstance: {fileID: 917795602784468558}
  m_PrefabAsset: {fileID: 0}
--- !u!1 &8413670638072126956 stripped
GameObject:
  m_CorrespondingSourceObject: {fileID: 8682930060724691874, guid: 011f471536a628047bb27ae8a048088f,
    type: 3}
  m_PrefabInstance: {fileID: 917795602784468558}
  m_PrefabAsset: {fileID: 0}
--- !u!1 &7119493667078461070 stripped
GameObject:
  m_CorrespondingSourceObject: {fileID: 7958194758985771200, guid: 011f471536a628047bb27ae8a048088f,
    type: 3}
  m_PrefabInstance: {fileID: 917795602784468558}
  m_PrefabAsset: {fileID: 0}
--- !u!1001 &2070746292580233460
PrefabInstance:
  m_ObjectHideFlags: 0
  serializedVersion: 2
  m_Modification:
    m_TransformParent: {fileID: 5550308276071753481}
    m_Modifications:
    - target: {fileID: 1393001661345493280, guid: 247f4f6aeb8473a40ac5190bca915406,
        type: 3}
      propertyPath: m_Name
      value: Room R (1)
      objectReference: {fileID: 0}
    - target: {fileID: 1393001661345493281, guid: 247f4f6aeb8473a40ac5190bca915406,
        type: 3}
      propertyPath: m_LocalPosition.x
      value: -8
      objectReference: {fileID: 0}
    - target: {fileID: 1393001661345493281, guid: 247f4f6aeb8473a40ac5190bca915406,
        type: 3}
      propertyPath: m_LocalPosition.y
      value: 0
      objectReference: {fileID: 0}
    - target: {fileID: 1393001661345493281, guid: 247f4f6aeb8473a40ac5190bca915406,
        type: 3}
      propertyPath: m_LocalPosition.z
      value: 0
      objectReference: {fileID: 0}
    - target: {fileID: 1393001661345493281, guid: 247f4f6aeb8473a40ac5190bca915406,
        type: 3}
      propertyPath: m_LocalRotation.x
      value: 0
      objectReference: {fileID: 0}
    - target: {fileID: 1393001661345493281, guid: 247f4f6aeb8473a40ac5190bca915406,
        type: 3}
      propertyPath: m_LocalRotation.y
      value: 0
      objectReference: {fileID: 0}
    - target: {fileID: 1393001661345493281, guid: 247f4f6aeb8473a40ac5190bca915406,
        type: 3}
      propertyPath: m_LocalRotation.z
      value: 0
      objectReference: {fileID: 0}
    - target: {fileID: 1393001661345493281, guid: 247f4f6aeb8473a40ac5190bca915406,
        type: 3}
      propertyPath: m_LocalRotation.w
      value: 1
      objectReference: {fileID: 0}
    - target: {fileID: 1393001661345493281, guid: 247f4f6aeb8473a40ac5190bca915406,
        type: 3}
      propertyPath: m_RootOrder
      value: 4
      objectReference: {fileID: 0}
    - target: {fileID: 1393001661345493281, guid: 247f4f6aeb8473a40ac5190bca915406,
        type: 3}
      propertyPath: m_LocalEulerAnglesHint.x
      value: 0
      objectReference: {fileID: 0}
    - target: {fileID: 1393001661345493281, guid: 247f4f6aeb8473a40ac5190bca915406,
        type: 3}
      propertyPath: m_LocalEulerAnglesHint.y
      value: 0
      objectReference: {fileID: 0}
    - target: {fileID: 1393001661345493281, guid: 247f4f6aeb8473a40ac5190bca915406,
        type: 3}
      propertyPath: m_LocalEulerAnglesHint.z
      value: 0
      objectReference: {fileID: 0}
    - target: {fileID: 3896265794236250049, guid: 247f4f6aeb8473a40ac5190bca915406,
        type: 3}
      propertyPath: reachable
      value: 0
      objectReference: {fileID: 0}
    - target: {fileID: 3896265794236250049, guid: 247f4f6aeb8473a40ac5190bca915406,
        type: 3}
      propertyPath: securityAddon
      value: 
      objectReference: {fileID: 4868895758588836943}
    m_RemovedComponents: []
  m_SourcePrefab: {fileID: 100100000, guid: 247f4f6aeb8473a40ac5190bca915406, type: 3}
--- !u!4 &1146213836365578709 stripped
Transform:
  m_CorrespondingSourceObject: {fileID: 1393001661345493281, guid: 247f4f6aeb8473a40ac5190bca915406,
    type: 3}
  m_PrefabInstance: {fileID: 2070746292580233460}
  m_PrefabAsset: {fileID: 0}
--- !u!1 &4868895758588836943 stripped
GameObject:
  m_CorrespondingSourceObject: {fileID: 6858153396107758779, guid: 247f4f6aeb8473a40ac5190bca915406,
    type: 3}
  m_PrefabInstance: {fileID: 2070746292580233460}
  m_PrefabAsset: {fileID: 0}
--- !u!1001 &4482174583630126724
PrefabInstance:
  m_ObjectHideFlags: 0
  serializedVersion: 2
  m_Modification:
    m_TransformParent: {fileID: 1146213836365578709}
    m_Modifications:
    - target: {fileID: 3345791331310210541, guid: ade07b99e5bffac48ad00d520f67c0fd,
        type: 3}
      propertyPath: m_Name
      value: KeySpawn
      objectReference: {fileID: 0}
    - target: {fileID: 5057191478908044712, guid: ade07b99e5bffac48ad00d520f67c0fd,
        type: 3}
      propertyPath: m_LocalPosition.x
      value: -0.4499998
      objectReference: {fileID: 0}
    - target: {fileID: 5057191478908044712, guid: ade07b99e5bffac48ad00d520f67c0fd,
        type: 3}
      propertyPath: m_LocalPosition.y
      value: -0.72
      objectReference: {fileID: 0}
    - target: {fileID: 5057191478908044712, guid: ade07b99e5bffac48ad00d520f67c0fd,
        type: 3}
      propertyPath: m_LocalPosition.z
      value: 0
      objectReference: {fileID: 0}
    - target: {fileID: 5057191478908044712, guid: ade07b99e5bffac48ad00d520f67c0fd,
        type: 3}
      propertyPath: m_LocalRotation.x
      value: 0
      objectReference: {fileID: 0}
    - target: {fileID: 5057191478908044712, guid: ade07b99e5bffac48ad00d520f67c0fd,
        type: 3}
      propertyPath: m_LocalRotation.y
      value: 0
      objectReference: {fileID: 0}
    - target: {fileID: 5057191478908044712, guid: ade07b99e5bffac48ad00d520f67c0fd,
        type: 3}
      propertyPath: m_LocalRotation.z
      value: 0
      objectReference: {fileID: 0}
    - target: {fileID: 5057191478908044712, guid: ade07b99e5bffac48ad00d520f67c0fd,
        type: 3}
      propertyPath: m_LocalRotation.w
      value: 1
      objectReference: {fileID: 0}
    - target: {fileID: 5057191478908044712, guid: ade07b99e5bffac48ad00d520f67c0fd,
        type: 3}
      propertyPath: m_RootOrder
      value: 1
      objectReference: {fileID: 0}
    - target: {fileID: 5057191478908044712, guid: ade07b99e5bffac48ad00d520f67c0fd,
        type: 3}
      propertyPath: m_LocalEulerAnglesHint.x
      value: 0
      objectReference: {fileID: 0}
    - target: {fileID: 5057191478908044712, guid: ade07b99e5bffac48ad00d520f67c0fd,
        type: 3}
      propertyPath: m_LocalEulerAnglesHint.y
      value: 0
      objectReference: {fileID: 0}
    - target: {fileID: 5057191478908044712, guid: ade07b99e5bffac48ad00d520f67c0fd,
        type: 3}
      propertyPath: m_LocalEulerAnglesHint.z
      value: 0
      objectReference: {fileID: 0}
    m_RemovedComponents: []
  m_SourcePrefab: {fileID: 100100000, guid: ade07b99e5bffac48ad00d520f67c0fd, type: 3}
--- !u!1001 &6331284907804122745
PrefabInstance:
  m_ObjectHideFlags: 0
  serializedVersion: 2
  m_Modification:
    m_TransformParent: {fileID: 2299164153008672623}
    m_Modifications:
    - target: {fileID: 3345791331310210541, guid: ade07b99e5bffac48ad00d520f67c0fd,
        type: 3}
      propertyPath: m_Name
      value: KeySpawn
      objectReference: {fileID: 0}
    - target: {fileID: 5057191478908044712, guid: ade07b99e5bffac48ad00d520f67c0fd,
        type: 3}
      propertyPath: m_LocalPosition.x
      value: 0.78
      objectReference: {fileID: 0}
    - target: {fileID: 5057191478908044712, guid: ade07b99e5bffac48ad00d520f67c0fd,
        type: 3}
      propertyPath: m_LocalPosition.y
      value: -0.74
      objectReference: {fileID: 0}
    - target: {fileID: 5057191478908044712, guid: ade07b99e5bffac48ad00d520f67c0fd,
        type: 3}
      propertyPath: m_LocalPosition.z
      value: 0
      objectReference: {fileID: 0}
    - target: {fileID: 5057191478908044712, guid: ade07b99e5bffac48ad00d520f67c0fd,
        type: 3}
      propertyPath: m_LocalRotation.x
      value: 0
      objectReference: {fileID: 0}
    - target: {fileID: 5057191478908044712, guid: ade07b99e5bffac48ad00d520f67c0fd,
        type: 3}
      propertyPath: m_LocalRotation.y
      value: 0
      objectReference: {fileID: 0}
    - target: {fileID: 5057191478908044712, guid: ade07b99e5bffac48ad00d520f67c0fd,
        type: 3}
      propertyPath: m_LocalRotation.z
      value: 0
      objectReference: {fileID: 0}
    - target: {fileID: 5057191478908044712, guid: ade07b99e5bffac48ad00d520f67c0fd,
        type: 3}
      propertyPath: m_LocalRotation.w
      value: 1
      objectReference: {fileID: 0}
    - target: {fileID: 5057191478908044712, guid: ade07b99e5bffac48ad00d520f67c0fd,
        type: 3}
      propertyPath: m_RootOrder
      value: 1
      objectReference: {fileID: 0}
    - target: {fileID: 5057191478908044712, guid: ade07b99e5bffac48ad00d520f67c0fd,
        type: 3}
      propertyPath: m_LocalEulerAnglesHint.x
      value: 0
      objectReference: {fileID: 0}
    - target: {fileID: 5057191478908044712, guid: ade07b99e5bffac48ad00d520f67c0fd,
        type: 3}
      propertyPath: m_LocalEulerAnglesHint.y
      value: 0
      objectReference: {fileID: 0}
    - target: {fileID: 5057191478908044712, guid: ade07b99e5bffac48ad00d520f67c0fd,
        type: 3}
      propertyPath: m_LocalEulerAnglesHint.z
      value: 0
      objectReference: {fileID: 0}
    m_RemovedComponents: []
  m_SourcePrefab: {fileID: 100100000, guid: ade07b99e5bffac48ad00d520f67c0fd, type: 3}
--- !u!1001 &8039099049990324439
PrefabInstance:
  m_ObjectHideFlags: 0
  serializedVersion: 2
  m_Modification:
    m_TransformParent: {fileID: 5550308276071753481}
    m_Modifications:
    - target: {fileID: 1393001661345493280, guid: 4d212de21a5860b4db6b483272021343,
        type: 3}
      propertyPath: m_Name
      value: Room B (1)
      objectReference: {fileID: 0}
    - target: {fileID: 1393001661345493281, guid: 4d212de21a5860b4db6b483272021343,
        type: 3}
      propertyPath: m_LocalPosition.x
      value: -4
      objectReference: {fileID: 0}
    - target: {fileID: 1393001661345493281, guid: 4d212de21a5860b4db6b483272021343,
        type: 3}
      propertyPath: m_LocalPosition.y
      value: 4
      objectReference: {fileID: 0}
    - target: {fileID: 1393001661345493281, guid: 4d212de21a5860b4db6b483272021343,
        type: 3}
      propertyPath: m_LocalPosition.z
      value: 0
      objectReference: {fileID: 0}
    - target: {fileID: 1393001661345493281, guid: 4d212de21a5860b4db6b483272021343,
        type: 3}
      propertyPath: m_LocalRotation.x
      value: 0
      objectReference: {fileID: 0}
    - target: {fileID: 1393001661345493281, guid: 4d212de21a5860b4db6b483272021343,
        type: 3}
      propertyPath: m_LocalRotation.y
      value: 0
      objectReference: {fileID: 0}
    - target: {fileID: 1393001661345493281, guid: 4d212de21a5860b4db6b483272021343,
        type: 3}
      propertyPath: m_LocalRotation.z
      value: 0
      objectReference: {fileID: 0}
    - target: {fileID: 1393001661345493281, guid: 4d212de21a5860b4db6b483272021343,
        type: 3}
      propertyPath: m_LocalRotation.w
      value: 1
      objectReference: {fileID: 0}
    - target: {fileID: 1393001661345493281, guid: 4d212de21a5860b4db6b483272021343,
        type: 3}
      propertyPath: m_RootOrder
      value: 5
      objectReference: {fileID: 0}
    - target: {fileID: 1393001661345493281, guid: 4d212de21a5860b4db6b483272021343,
        type: 3}
      propertyPath: m_LocalEulerAnglesHint.x
      value: 0
      objectReference: {fileID: 0}
    - target: {fileID: 1393001661345493281, guid: 4d212de21a5860b4db6b483272021343,
        type: 3}
      propertyPath: m_LocalEulerAnglesHint.y
      value: 0
      objectReference: {fileID: 0}
    - target: {fileID: 1393001661345493281, guid: 4d212de21a5860b4db6b483272021343,
        type: 3}
      propertyPath: m_LocalEulerAnglesHint.z
      value: 0
      objectReference: {fileID: 0}
    - target: {fileID: 3734515531727434963, guid: 4d212de21a5860b4db6b483272021343,
        type: 3}
      propertyPath: securityAddon
      value: 
      objectReference: {fileID: 1724714954131825525}
    - target: {fileID: 3734515531727434963, guid: 4d212de21a5860b4db6b483272021343,
        type: 3}
      propertyPath: reachable
      value: 0
      objectReference: {fileID: 0}
    m_RemovedComponents: []
  m_SourcePrefab: {fileID: 100100000, guid: 4d212de21a5860b4db6b483272021343, type: 3}
--- !u!4 &8990436509976654326 stripped
Transform:
  m_CorrespondingSourceObject: {fileID: 1393001661345493281, guid: 4d212de21a5860b4db6b483272021343,
    type: 3}
  m_PrefabInstance: {fileID: 8039099049990324439}
  m_PrefabAsset: {fileID: 0}
--- !u!1 &1724714954131825525 stripped
GameObject:
  m_CorrespondingSourceObject: {fileID: 8682930060724691874, guid: 4d212de21a5860b4db6b483272021343,
    type: 3}
  m_PrefabInstance: {fileID: 8039099049990324439}
  m_PrefabAsset: {fileID: 0}
--- !u!1001 &8153117310971019635
PrefabInstance:
  m_ObjectHideFlags: 0
  serializedVersion: 2
  m_Modification:
    m_TransformParent: {fileID: 5550308276071753481}
    m_Modifications:
    - target: {fileID: 1393001661345493280, guid: 1dd1d43e84d0e814193f753df94b4127,
        type: 3}
      propertyPath: m_Name
      value: Room TLR (1)
      objectReference: {fileID: 0}
    - target: {fileID: 1393001661345493281, guid: 1dd1d43e84d0e814193f753df94b4127,
        type: 3}
      propertyPath: m_LocalPosition.x
      value: -4
      objectReference: {fileID: 0}
    - target: {fileID: 1393001661345493281, guid: 1dd1d43e84d0e814193f753df94b4127,
        type: 3}
      propertyPath: m_LocalPosition.y
      value: 0
      objectReference: {fileID: 0}
    - target: {fileID: 1393001661345493281, guid: 1dd1d43e84d0e814193f753df94b4127,
        type: 3}
      propertyPath: m_LocalPosition.z
      value: 0
      objectReference: {fileID: 0}
    - target: {fileID: 1393001661345493281, guid: 1dd1d43e84d0e814193f753df94b4127,
        type: 3}
      propertyPath: m_LocalRotation.x
      value: 0
      objectReference: {fileID: 0}
    - target: {fileID: 1393001661345493281, guid: 1dd1d43e84d0e814193f753df94b4127,
        type: 3}
      propertyPath: m_LocalRotation.y
      value: 0
      objectReference: {fileID: 0}
    - target: {fileID: 1393001661345493281, guid: 1dd1d43e84d0e814193f753df94b4127,
        type: 3}
      propertyPath: m_LocalRotation.z
      value: 0
      objectReference: {fileID: 0}
    - target: {fileID: 1393001661345493281, guid: 1dd1d43e84d0e814193f753df94b4127,
        type: 3}
      propertyPath: m_LocalRotation.w
      value: 1
      objectReference: {fileID: 0}
    - target: {fileID: 1393001661345493281, guid: 1dd1d43e84d0e814193f753df94b4127,
        type: 3}
      propertyPath: m_RootOrder
      value: 3
      objectReference: {fileID: 0}
    - target: {fileID: 1393001661345493281, guid: 1dd1d43e84d0e814193f753df94b4127,
        type: 3}
      propertyPath: m_LocalEulerAnglesHint.x
      value: 0
      objectReference: {fileID: 0}
    - target: {fileID: 1393001661345493281, guid: 1dd1d43e84d0e814193f753df94b4127,
        type: 3}
      propertyPath: m_LocalEulerAnglesHint.y
      value: 0
      objectReference: {fileID: 0}
    - target: {fileID: 1393001661345493281, guid: 1dd1d43e84d0e814193f753df94b4127,
        type: 3}
      propertyPath: m_LocalEulerAnglesHint.z
      value: 0
      objectReference: {fileID: 0}
    - target: {fileID: 3896265794236250049, guid: 1dd1d43e84d0e814193f753df94b4127,
        type: 3}
      propertyPath: reachable
      value: 0
      objectReference: {fileID: 0}
    - target: {fileID: 3896265794236250049, guid: 1dd1d43e84d0e814193f753df94b4127,
        type: 3}
      propertyPath: securityAddon
      value: 
      objectReference: {fileID: 3317110935560146376}
    - target: {fileID: 5717294487422263166, guid: 1dd1d43e84d0e814193f753df94b4127,
        type: 3}
      propertyPath: reachable
      value: 0
      objectReference: {fileID: 0}
    - target: {fileID: 5717294487422263166, guid: 1dd1d43e84d0e814193f753df94b4127,
        type: 3}
      propertyPath: securityAddon
      value: 
      objectReference: {fileID: 2257604166744336819}
    - target: {fileID: 6599887360916191983, guid: 1dd1d43e84d0e814193f753df94b4127,
        type: 3}
      propertyPath: reachable
      value: 0
      objectReference: {fileID: 0}
    - target: {fileID: 6599887360916191983, guid: 1dd1d43e84d0e814193f753df94b4127,
        type: 3}
      propertyPath: alwaysRegular
      value: 0
      objectReference: {fileID: 0}
    - target: {fileID: 6599887360916191983, guid: 1dd1d43e84d0e814193f753df94b4127,
        type: 3}
      propertyPath: securityAddon
      value: 
      objectReference: {fileID: 6902297756514209416}
    m_RemovedComponents: []
  m_SourcePrefab: {fileID: 100100000, guid: 1dd1d43e84d0e814193f753df94b4127, type: 3}
--- !u!4 &7093555745962258514 stripped
Transform:
  m_CorrespondingSourceObject: {fileID: 1393001661345493281, guid: 1dd1d43e84d0e814193f753df94b4127,
    type: 3}
  m_PrefabInstance: {fileID: 8153117310971019635}
  m_PrefabAsset: {fileID: 0}
--- !u!1 &2257604166744336819 stripped
GameObject:
  m_CorrespondingSourceObject: {fileID: 7958194758985771200, guid: 1dd1d43e84d0e814193f753df94b4127,
    type: 3}
  m_PrefabInstance: {fileID: 8153117310971019635}
  m_PrefabAsset: {fileID: 0}
--- !u!1 &6902297756514209416 stripped
GameObject:
  m_CorrespondingSourceObject: {fileID: 3381169513398882299, guid: 1dd1d43e84d0e814193f753df94b4127,
    type: 3}
  m_PrefabInstance: {fileID: 8153117310971019635}
  m_PrefabAsset: {fileID: 0}
--- !u!1 &3317110935560146376 stripped
GameObject:
  m_CorrespondingSourceObject: {fileID: 6858153396107758779, guid: 1dd1d43e84d0e814193f753df94b4127,
    type: 3}
  m_PrefabInstance: {fileID: 8153117310971019635}
  m_PrefabAsset: {fileID: 0}
--- !u!1001 &8631837683599809927
PrefabInstance:
  m_ObjectHideFlags: 0
  serializedVersion: 2
  m_Modification:
    m_TransformParent: {fileID: 5550308276071753481}
    m_Modifications:
    - target: {fileID: 2625717081278709991, guid: 8abdde931c053eb4090664baa3fdfc7c,
        type: 3}
      propertyPath: m_Name
      value: WeakWallSpawnPoint
      objectReference: {fileID: 0}
    - target: {fileID: 2625717081278710009, guid: 8abdde931c053eb4090664baa3fdfc7c,
        type: 3}
      propertyPath: m_LocalPosition.x
      value: -3.37
      objectReference: {fileID: 0}
    - target: {fileID: 2625717081278710009, guid: 8abdde931c053eb4090664baa3fdfc7c,
        type: 3}
      propertyPath: m_LocalPosition.y
      value: 1.99
      objectReference: {fileID: 0}
    - target: {fileID: 2625717081278710009, guid: 8abdde931c053eb4090664baa3fdfc7c,
        type: 3}
      propertyPath: m_LocalPosition.z
      value: 0
      objectReference: {fileID: 0}
    - target: {fileID: 2625717081278710009, guid: 8abdde931c053eb4090664baa3fdfc7c,
        type: 3}
      propertyPath: m_LocalRotation.x
      value: 0
      objectReference: {fileID: 0}
    - target: {fileID: 2625717081278710009, guid: 8abdde931c053eb4090664baa3fdfc7c,
        type: 3}
      propertyPath: m_LocalRotation.y
      value: 0
      objectReference: {fileID: 0}
    - target: {fileID: 2625717081278710009, guid: 8abdde931c053eb4090664baa3fdfc7c,
        type: 3}
      propertyPath: m_LocalRotation.z
      value: 0
      objectReference: {fileID: 0}
    - target: {fileID: 2625717081278710009, guid: 8abdde931c053eb4090664baa3fdfc7c,
        type: 3}
      propertyPath: m_LocalRotation.w
      value: 1
      objectReference: {fileID: 0}
    - target: {fileID: 2625717081278710009, guid: 8abdde931c053eb4090664baa3fdfc7c,
        type: 3}
      propertyPath: m_RootOrder
      value: 0
      objectReference: {fileID: 0}
    - target: {fileID: 2625717081278710009, guid: 8abdde931c053eb4090664baa3fdfc7c,
        type: 3}
      propertyPath: m_LocalEulerAnglesHint.x
      value: 0
      objectReference: {fileID: 0}
    - target: {fileID: 2625717081278710009, guid: 8abdde931c053eb4090664baa3fdfc7c,
        type: 3}
      propertyPath: m_LocalEulerAnglesHint.y
      value: 0
      objectReference: {fileID: 0}
    - target: {fileID: 2625717081278710009, guid: 8abdde931c053eb4090664baa3fdfc7c,
        type: 3}
      propertyPath: m_LocalEulerAnglesHint.z
      value: 0
      objectReference: {fileID: 0}
    m_RemovedComponents: []
  m_SourcePrefab: {fileID: 100100000, guid: 8abdde931c053eb4090664baa3fdfc7c, type: 3}
--- !u!4 &6033162576148766078 stripped
Transform:
  m_CorrespondingSourceObject: {fileID: 2625717081278710009, guid: 8abdde931c053eb4090664baa3fdfc7c,
    type: 3}
  m_PrefabInstance: {fileID: 8631837683599809927}
  m_PrefabAsset: {fileID: 0}
--- !u!1001 &9063825955016032733
PrefabInstance:
  m_ObjectHideFlags: 0
  serializedVersion: 2
  m_Modification:
    m_TransformParent: {fileID: 5550308276071753481}
    m_Modifications:
    - target: {fileID: 2625717081278709991, guid: 8abdde931c053eb4090664baa3fdfc7c,
        type: 3}
      propertyPath: m_Name
      value: WeakWallSpawnPoint (1)
      objectReference: {fileID: 0}
    - target: {fileID: 2625717081278710009, guid: 8abdde931c053eb4090664baa3fdfc7c,
        type: 3}
      propertyPath: m_LocalPosition.x
      value: -6
      objectReference: {fileID: 0}
    - target: {fileID: 2625717081278710009, guid: 8abdde931c053eb4090664baa3fdfc7c,
        type: 3}
      propertyPath: m_LocalPosition.y
      value: -0.86
      objectReference: {fileID: 0}
    - target: {fileID: 2625717081278710009, guid: 8abdde931c053eb4090664baa3fdfc7c,
        type: 3}
      propertyPath: m_LocalPosition.z
      value: 0
      objectReference: {fileID: 0}
    - target: {fileID: 2625717081278710009, guid: 8abdde931c053eb4090664baa3fdfc7c,
        type: 3}
      propertyPath: m_LocalRotation.x
      value: 0
      objectReference: {fileID: 0}
    - target: {fileID: 2625717081278710009, guid: 8abdde931c053eb4090664baa3fdfc7c,
        type: 3}
      propertyPath: m_LocalRotation.y
      value: 0
      objectReference: {fileID: 0}
    - target: {fileID: 2625717081278710009, guid: 8abdde931c053eb4090664baa3fdfc7c,
        type: 3}
      propertyPath: m_LocalRotation.z
      value: 0
      objectReference: {fileID: 0}
    - target: {fileID: 2625717081278710009, guid: 8abdde931c053eb4090664baa3fdfc7c,
        type: 3}
      propertyPath: m_LocalRotation.w
      value: 1
      objectReference: {fileID: 0}
    - target: {fileID: 2625717081278710009, guid: 8abdde931c053eb4090664baa3fdfc7c,
        type: 3}
      propertyPath: m_RootOrder
      value: 1
      objectReference: {fileID: 0}
    - target: {fileID: 2625717081278710009, guid: 8abdde931c053eb4090664baa3fdfc7c,
        type: 3}
      propertyPath: m_LocalEulerAnglesHint.x
      value: 0
      objectReference: {fileID: 0}
    - target: {fileID: 2625717081278710009, guid: 8abdde931c053eb4090664baa3fdfc7c,
        type: 3}
      propertyPath: m_LocalEulerAnglesHint.y
      value: 0
      objectReference: {fileID: 0}
    - target: {fileID: 2625717081278710009, guid: 8abdde931c053eb4090664baa3fdfc7c,
        type: 3}
      propertyPath: m_LocalEulerAnglesHint.z
      value: 0
      objectReference: {fileID: 0}
    - target: {fileID: 2625717081278710008, guid: 8abdde931c053eb4090664baa3fdfc7c,
        type: 3}
      propertyPath: dir
      value: 2
      objectReference: {fileID: 0}
    m_RemovedComponents: []
  m_SourcePrefab: {fileID: 100100000, guid: 8abdde931c053eb4090664baa3fdfc7c, type: 3}
--- !u!4 &6465276156936012068 stripped
Transform:
  m_CorrespondingSourceObject: {fileID: 2625717081278710009, guid: 8abdde931c053eb4090664baa3fdfc7c,
    type: 3}
  m_PrefabInstance: {fileID: 9063825955016032733}
  m_PrefabAsset: {fileID: 0}
